 Dungeon Crawl Stone Soup version 0.23-a0-643-g9ccc95a (webtiles) character file.

32 skittles the Conjurer (level 3, -1/27 HPs)
             Began as a Draconian Conjurer on Jan 1, 2019.
             Shot with a stone by a goblin (3 damage)
             ... on level 2 of the Dungeon.
             The game lasted 00:04:24 (1426 turns).

skittles the Conjurer (Draconian Conjurer)          Turns: 1426, Time: 00:04:25

Health: -1/27      AC:  8    Str: 10    XL:     3   Next: 10%
Magic:  1/6        EV: 11    Int: 16    God:
Gold:   138        SH:  0    Dex: 11    Spells: 0/6 levels left

rFire    . . .     SeeInvis .   i - +0 spear
rCold    . . .     Gourm    .   (no shield)
rNeg     . . .     Faith    .   (armour unavailable)
rPois    .         Spirit   .   (helmet restricted)
rElec    .         Reflect  .   l - +2 cloak
rCorr    .         Harm     .   (no gloves)
MR       .....                  (no boots)
Stlth    +.........             (no amulet)
HPRegen  0.09/turn              (no ring)
MPRegen  0.10/turn              (no ring)

@: heavily drained
A: unfitting armour, cold-blooded, AC +5
a: no special abilities


You were on level 2 of the Dungeon.
You were not hungry.

You visited 1 branch of the dungeon, and saw 2 of its levels.

You collected 138 gold pieces.

Inventory:

Hand Weapons
 e - a +0 dagger
 i - a +0 spear (weapon)
Missiles
 a - 128 stones (quivered)
 k - 32 arrows
Armour
 l - a +2 cloak (worn)
Jewellery
 p - an uncursed amulet of magic regeneration {unknown}
Scrolls
 c - 2 scrolls of noise {unknown}
 f - a scroll of blinking {unknown}
 g - a scroll of random uselessness {unknown}
 j - 4 scrolls of remove curse {unknown}
 o - a scroll of teleportation {unknown}
Potions
 d - a potion of might {unknown}
 m - a potion of resistance {unknown}
 n - a potion of brilliance {unknown}
Comestibles
 b - 4 rations
 h - a chunk of flesh


   Skills:
 - Level 0.5(0.0) Fighting
 * Level 1.0(0.0) Polearms
 - Level 1.7(0.3) Dodging
 - Level 1.7(0.3) Stealth
 + Level 2.4(1.0) Spellcasting
 * Level 4.4(2.9) Conjurations


You couldn't memorise any spells.
You knew the following spells:

 Your Spells              Type           Power        Failure   Level  Hunger
a - Magic Dart            Conj           ##..         7%          1    ##.....
b - Searing Ray           Conj           ##....       11%         2    ###....
c - Dazzling Spray        Conj/Hex       #.....       36%         3    ####...

Your spell library contained the following spells:

 Spells                   Type           Power        Failure   Level  Hunger
 Iskenderun's Mystic Bla  Conj           ##......     56%         4    #####..
 Force Lance              Conj/Tloc      #.......     77%         4    #####..
 Fulminant Prism          Conj/Hex       #.........   77%         4    #####..


Dungeon Overview and Level Annotations

Branches:
Dungeon (2/15)

Altars:


Innate Abilities, Weirdness & Mutations

Your plain brown scales are hard. (AC +5)
You cannot fit into any form of body armour.
You are cold-blooded and may be slowed by cold attacks.


Message History

You see here a stone.
You barely miss the worm.
The worm is heavily wounded.
The worm bites you!
* * * LOW HITPOINT WARNING * * *
You hit the worm but do no damage.
The worm is heavily wounded.
The goblin shoots a stone.
The stone barely misses you.
You hit the worm.
The worm is severely wounded.
The worm closely misses you.
You hit the worm.
Your tail-slap misses the worm.
The worm is severely wounded.
The goblin shoots a stone.
The stone hits you.
* * * LOW HITPOINT WARNING * * *
The worm bites you but does no damage.
You hit the worm.
You kill the worm!
The goblin shoots a stone.
The stone hits you.
You die...

### .# .. .#
#. .# #.##.#
#(.#.# ##@#.#
##(..# #.((g#
##
###.##.......
..## #...#
#...... ...#
#.### ......
#..# ##.#
.....
#..##..#
..... #.#..##
....


You could see a goblin.

Vanquished Creatures
  A worm (D:2)
  A dart slug (D:1)
  3 giant cockroaches
  3 goblins (D:1)
  4 hobgoblins (D:1)
  A quokka (D:2)
  3 bats (D:1)
  4 frilled lizards
  3 kobolds (D:1)
  5 rats
28 creatures vanquished.

Notes
Turn   | Place    | Note
-------+----------+-------------------------------------------
     0 | D:1      | skittles the Draconian Conjurer began the quest for the
                  | Orb.
     0 | D:1      | Reached XP level 1. HP: 14/14 MP: 3/3
   206 | D:1      | Reached XP level 2. HP: 6/22 MP: 0/5
   482 | D:1      | Learned a level 2 spell: Searing Ray
  1254 | D:2      | Reached skill level 1 in Polearms
  1254 | D:2      | Reached XP level 3. HP: 27/27 MP: 3/6
  1388 | D:2      | Learned a level 3 spell: Dazzling Spray
  1426 | D:2      | Shot with a stone by a goblin

Vault maps used:
D:1:      eino_arrival_water_star
D:2:      first_ration, uniq_sigmund

Skill      XL: |  1  2 |
---------------+-------+-----
Polearms       | 1 |  1.0
Fighting       | |  0.5
Dodging        | |  1.7
Stealth        | |  1.7
Spellcasting   | |  2.4
Conjurations   | |  4.4

Action                   || total
-------------------------++-------
Melee: Dagger            ||    44
       Tailslap          ||     5
       Spear             ||    24
 Cast: Magic Dart        ||    49
       Searing Ray       ||     1
  Eat: Ration            ||     1
       Chunk             ||     1
Armor: Skin              ||    27
Dodge: Dodged            ||    48

Table legend:
 A = Non-vault XP
 B = Vault XP
 C = Vault XP percentage of total XP
 D = Non-vault monster count
 E = Vault monster count
 F = Vault count percentage of total count
                 A         B        C        D         E       F
            +---------+---------+-------+---------+---------+-------
      Total |      47 |       0 |   0.0 |      28 |       0 |   0.0
            +---------+---------+-------+---------+---------+-------
        D:1 |      35 |       0 |   0.0 |      22 |       0 |   0.0
        D:2 |      12 |       0 |   0.0 |       6 |       0 |   0.0
            +---------+---------+-------+---------+---------+-------
